 Dungeon Crawl Stone Soup version 0.15-a0-1675-g4580af5 (webtiles) character file.

3539 PolkaDot the Grappler (level 9, -3/76 HPs)
             Began as a Troll Death Knight on June 24, 2014.
             Was an Elder of Yredelemnul.
             Killed from afar by Maurice (8 damage)
             ... with a wand of magic darts
             ... on Level 8 of the Dungeon.
             The game lasted 00:21:45 (5592 turns).

PolkaDot the Grappler (Troll Death Knight)          Turns: 5592, Time: 00:21:45

HP  -3/76        AC  6     Str 23      XL: 9   Next: 82%
MP  16/16        EV 15     Int  7      God: Yredelemnul [****..]
Gold 0           SH  0     Dex 17      Spells:  2 memorised,  5 levels left

rFire  . . .     SeeInvis .       - Unarmed
rCold  . . .     Clarity  .     b - +0 robe
rNeg   . . .     rCorr    .     (shield restricted)
rPois  .         rRot     .     (helmet restricted)
rElec  .         Spirit   .     n - +0 cloak
SustAb .         Warding  .     (gloves unavailable)
rMut   .         Stasis   .     (boots unavailable)
Gourm  +                        q - amulet of faith
MR     .....                    (no ring)
                                l - cursed ring of magical power

@: agile, injury mirror, not resistant to hostile enchantments, fairly stealthy
A: unfitting armour, claws 3, fast metabolism 3, gourmand, regeneration 2,
saprovore 2, shaggy fur 1, tough skin 2
a: Animate Dead, Recall Undead Slaves, Injury Mirror, Drain Life, Renounce
Religion


You were on level 8 of the Dungeon.
You worshipped Yredelemnul.
Yredelemnul was greatly pleased with you.
You were full.

You visited 1 branch of the dungeon, and saw 8 of its levels.

Inventory:

Armour
 b - a +0 robe (worn)
 n - a +0 cloak (worn)
Magical devices
 z - a wand of confusion (2)
 H - a wand of fire (3) {unknown}
Comestibles
 a - 6 meat rations
 c - 7 bread rations
 v - a slice of pizza
 E - a beef jerky
 I - a chunk of giant newt flesh {@w1}
Scrolls
 d - 2 scrolls of enchant armour {unknown}
 g - 2 scrolls of blinking {unknown}
 h - 2 scrolls of enchant weapon {unknown}
 o - 3 scrolls of remove curse {unknown}
 p - a scroll of noise {unknown}
 t - a scroll of fear {unknown}
 u - 7 scrolls of identify {unknown}
 w - a scroll of immolation {unknown}
 x - a scroll of random uselessness {unknown}
 y - a scroll of recharging {unknown}
 B - a scroll of holy word {unknown}
 F - a scroll of fog {unknown}
Jewellery
 l - a cursed ring of magical power (left claw)
 q - an amulet of faith (around neck)
Potions
 r - a potion of invisibility {unknown}
 s - a potion of restore abilities {unknown}
 G - a potion of haste {unknown}
 J - a potion of mutation {unknown}
Books
 j - a book of Spatial Translocations

   Spells                             Type                      Level
   *Apportation                       Translocation                1
   *Blink                             Translocation                2
   Shroud of Golubria                 Charms/Translocation         2
   Portal Projectile                  Translocation                3
   Teleport Other                     Translocation                3
   Passage of Golubria                Translocation                4


   Skills:
 - Level 1.5 Fighting
 - Level 1.2 Dodging
 + Level 13.6 Unarmed Combat
 - Level 2.4 Invocations


You had 5 spell levels left.
You knew the following spells:

 Your Spells              Type           Power        Failure   Level  Hunger
a - Apportation           Tloc           #.........   47%         1    ##.....
q - Blink                 Tloc           N/A          73%         2    ###....


Dungeon Overview and Level Annotations

Branches:
Dungeon (8/15)             Temple (0/1) D:4
   Lair: D:8-11

Altars:
Fedhas
Gozag
Makhleb
Nemelex Xobeh
Xom
Yredelemnul
Zin

Annotations:
D:8 Maurice


Innate Abilities, Weirdness & Mutations

You are too large for most types of armour.
You have claws for hands.
Your metabolism is lightning-fast.
You like to eat raw meat.
You heal very quickly.
You can eat rotten meat.
You are covered in fur (AC +1).
You have very tough skin (AC +2).


Message History

Yredelemnul mirrors your injury!
Drink which item? (? for menu, Esc to quit)
You feel agile all of a sudden.
It was a potion of agility.
You hear a zap.
The magic dart hits you!
* * * LOW HITPOINT WARNING * * *
Yredelemnul mirrors your injury!
You see here 16 gold pieces.
You hear a zap.
The magic dart hits you!
* * * LOW HITPOINT WARNING * * *
Yredelemnul mirrors your injury!
You hear some strange, mumbled words.
You scratch something but do no damage. You claw something!
You scratch something. You claw something!!
You hear a zap.
The magic dart hits you!
You die...
Your body rises from the dead as a mindless zombie.

#......?#
#.......#
#.......#
#.......####
####.......######
........$........
.###.........####
#.........#
#....@....#
##+######.# ..#
.#


There were no monsters in sight!

Vanquished Creatures
  The ghost of Aumanor the Ruinous, an experienced DEWz of Vehumet (D:5)
  A human (D:3)
  2 hungry ghosts (D:7)
  A hippogriff (D:8)
  Menkaure (D:7)
  A water moccasin (D:7)
  A sky beast (D:6)
  2 ice beasts
  4 ogres
  A necrophage (D:6)
  The ghost of cosh the Insei, an average DrTm (D:3)
  A centaur (D:7)
  4 giant frogs
  A scorpion (D:5)
  A yak skeleton (D:8)
  A jelly (D:7)
  2 gnoll shamans
  2 crimson imps
  A hound (D:5)
  6 orc wizards
  A giant frog skeleton (D:4)
  An elf skeleton (D:7)
  An iguana (D:6)
  3 orc priests (D:5)
  3 worker ants
  9 gnolls
  10 adders
  A giant mite (D:6)
  3 worms
  4 giant geckos
  21 orcs
  2 ball pythons
  13 bats
  A bat skeleton (D:4)
  3 giant cockroaches
  16 hobgoblins
  6 jackals
  7 kobolds
  5 giant newts
  A gnoll skeleton (D:6)
  12 goblins
  A jackal zombie (D:3)
  A kobold zombie (D:6)
  An orc zombie (D:7)
  2 quokkas
  A quokka skeleton (D:5)
  A quokka zombie (D:6)
  10 rats
  A ballistomycete (D:7)
176 creatures vanquished.

Vanquished Creatures (collateral kills)
  2 flying skulls (D:5)
  Edmund (D:5)
  An orc warrior (D:6)
  2 phantoms
  A centaur (D:7)
  2 giant frogs (D:6)
  A jelly (D:6)
  A crimson imp (D:6)
  3 hounds
  Blork the orc (D:8)
  A worker ant (D:7)
  10 orcs
  A giant cockroach (D:4)
  4 jackals
  A kobold (D:6)
  A quokka (D:6)
  3 rats
36 creatures vanquished.

Vanquished Creatures (others)
  A giant spore (D:7)
  2 fungi (D:4)
3 creatures vanquished.

Grand Total: 215 creatures vanquished

Notes
Turn   | Place    | Note
--------------------------------------------------------------
     0 | D:1      | PolkaDot, the Troll Death Knight, began the quest for the Orb.
     0 | D:1      | Reached XP level 1. HP: 19/19 MP: 1/1
   235 | D:1      | Reached XP level 2. HP: 15/27 MP: 1/1
   354 | D:1      | Reached skill level 3 in Unarmed Combat
   760 | D:2      | Reached XP level 3. HP: 33/33 MP: 3/3
   790 | D:2      | Acquired Yredelemnul's second power
   869 | D:2      | Reached skill level 4 in Unarmed Combat
  1229 | D:2      | Reached XP level 4. HP: 13/41 MP: 3/3
  1334 | D:3      | Noticed cosh's ghost (average DrTm)
  1352 | D:3      | Killed cosh's ghost
  1352 | D:3      | Reached skill level 5 in Unarmed Combat
  1352 | D:3      | Reached XP level 5. HP: 30/48 MP: 3/3
  1509 | D:3      | Found a glowing silver altar of Zin.
  1514 | D:3      | Found a shimmering altar of Xom.
  1515 | D:3      | Found a sparkling altar of Nemelex Xobeh.
  1713 | D:3      | Noticed a human
  1718 | D:3      | Found a basalt altar of Yredelemnul.
  1742 | D:3      | Killed a human
  1742 | D:3      | Reached skill level 6 in Unarmed Combat
  1742 | D:3      | Reached XP level 6. HP: 40/55 MP: 5/5
  2012 | D:4      | Acquired Yredelemnul's third power
  2019 | D:4      | Reached skill level 7 in Unarmed Combat
  2108 | D:4      | Found a staircase to the Ecumenical Temple.
  2194 | D:4      | Received a gift from Yredelemnul
  2241 | D:4      | Found a blossoming altar of Fedhas.
  2489 | D:4      | Reached XP level 7. HP: 60/62 MP: 5/5
  2517 | D:4      | Found an opulent altar of Gozag.
  2791 | D:5      | Entered Level 5 of the Dungeon
  2798 | D:5      | Learned a level 1 spell: Apportation
  2801 | D:5      | Learned a level 2 spell: Blink
  2861 | D:5      | Reached skill level 8 in Unarmed Combat
  2862 | D:5      | Noticed Aumanor's ghost (experienced DEWz)
  2877 | D:5      | Killed Aumanor's ghost
  2942 | D:5      | Reached skill level 9 in Unarmed Combat
  3064 | D:5      | Acquired Yredelemnul's fourth power
  3184 | D:5      | Reached XP level 8. HP: 37/70 MP: 5/5
  3459 | D:5      | Found a burning altar of Makhleb.
  3510 | D:5      | Reached skill level 10 in Unarmed Combat
  3574 | D:5      | Noticed Edmund
  3593 | D:5      | Killed Edmund
  3958 | D:6      | Received a gift from Yredelemnul
  4016 | D:6      | Reached skill level 11 in Unarmed Combat
  4429 | D:6      | Reached XP level 9. HP: 49/76 MP: 7/7
  4502 | D:6      | Acquired Yredelemnul's fifth power
  4512 | D:6      | Reached skill level 12 in Unarmed Combat
  4833 | D:7      | Received a gift from Yredelemnul
  4943 | D:7      | Noticed Menkaure
  4947 | D:7      | Killed Menkaure
  4986 | D:7      | Reached skill level 13 in Unarmed Combat
  5052 | D:7      | Received a gift from Yredelemnul
  5458 | D:7      | Received a gift from Yredelemnul
  5534 | D:8      | Killed Blork the orc
  5559 | D:8      | Noticed Maurice
  5592 | D:8      | Killed from afar by Maurice

Action                   |  1- 3 |  4- 6 |  7- 9 || total
-------------------------+-------+-------+-------++-------
Melee: Unarmed           |   125 |   142 |   289 ||   556
Invok: Injury Mirror     |       |       |     1 ||     1
  Use: Potion            |       |     2 |     7 ||     9
 Stab: Distracted        |       |       |     1 ||     1
       Sleeping          |       |       |     1 ||     1
